 Dungeon Crawl Stone Soup version 0.26.0-10-g1f06aea511 (webtiles) character file.

Game seed: 2081374283925170247

231 Borgoz the Ducker (level 6, -2/51 HPs)
             Began as a Ghoul Monk on Jan 14, 2021.
             Slain by a worker ant (4 damage)
             ... on level 3 of the Dungeon.
             The game lasted 00:05:05 (3206 turns).

Borgoz the Ducker (Ghoul Monk)                      Turns: 3206, Time: 00:05:06

Health: -2/51      AC:  6    Str: 16    XL:     6   Next: 4%
Magic:  5/5        EV:  9    Int:  5    God:
Gold:   224        SH:  7    Dex: 12    Spells: 5/5 levels left

rFire    . . .     SeeInvis .   a - +0 falchion
rCold    + . .     Faith    .   k - +0 kite shield
rNeg     + + +     Spirit   .   l - +0 ring mail
rPois    ∞         Reflect  .   m - +0 helmet
rElec    .         Harm     .   (no cloak)
rCorr    +         Rampage  .   (no gloves)
Will     .....                  (no boots)
Stlth    +.........             (no amulet)
HPRegen  0.00/turn              d - ring of resist corrosion
MPRegen  0.09/turn              (no ring)

@: attractive
A: claws 1, cold resistance 1, negative energy resistance 3, inhibited
regeneration, torment resistance, unbreathing
a: no special abilities


You were on level 3 of the Dungeon.
You visited 1 branch of the dungeon, and saw 4 of its levels.

You collected 224 gold pieces.

Inventory:

Hand Weapons
 a - a +0 falchion (weapon)
Armour
 k - a +0 kite shield (worn)
 l - a +0 ring mail (worn)
 m - a +0 helmet (worn)
Jewellery
 d - a ring of resist corrosion (left claw)
Scrolls
 b - 2 scrolls of magic mapping {unknown}
 e - a scroll of noise {unknown}
 f - 2 scrolls of remove curse {unknown}
 g - 3 scrolls of identify
 h - 2 scrolls of enchant weapon {unknown}
 j - 2 scrolls of teleportation {unknown}
Potions
 c - 2 potions of flight
 i - a potion of brilliance
 n - a potion of might


   Skills:
 - Level 3.2 Fighting
 + Level 4.0 Long Blades
 + Level 2.7 Armour
 + Level 4.0 Dodging
 - Level 2.1 Stealth


You had 5 spell levels left.
You didn't know any spells.
Your spell library was empty.

Dungeon Overview and Level Annotations

Branches:
Dungeon (4/15)
 Temple: D:4-7

Altars:


Innate Abilities, Weirdness & Mutations

You thrive by killing the living.
You are immune to poison.
You have sharp fingernails.
Your flesh is cold resistant. (rC+)
You are immune to negative energy. (rN+++)
You do not regenerate when monsters are visible.
You are immune to unholy pain and torment.
You can survive without breathing.


Message History

You closely miss the worker ant.
The worker ant is moderately wounded.
The worker ant bites you.
* * * LOW HITPOINT WARNING * * *
You barely miss the worker ant.
The worker ant is moderately wounded.
You block the worker ant's attack. The worker ant bites you.
* * * LOW HITPOINT WARNING * * *
It was a potion of attraction.
You feel attractive to monsters. You block the worker ant's attack.
Okay, then.
You aren't carrying any items that you can evoke.
You hit the worker ant.
The worker ant is heavily wounded.
The worker ant bites you but does no damage.
You hit the worker ant.
The worker ant is almost dead.
You block the worker ant's attack. The worker ant bites you.
You die...

# #.......#######........###.....
######.................#.##..####
##...#.....#####.....<.#....##
............####.......##...##
#.........#............##.#..##
#.......................#.##..#
#..........####.>...........#.###
............####B#####....#......
.............###@#####....####...
###.##.##..#.....)..##.........#.
#.##..#....###.##..#...........
#.....##.#.###.###...........##
###...##.#.#...####..........#
##.......#.####............#
#.#..#.....###.##.........#
#....(....<.##.##.........#
##.............##.........#


You could see a worker ant.

Vanquished Creatures
  3 hounds (D:3)
  An orc wizard (D:2)
  3 adders
  An ooze (D:1)
  A worm (D:3)
  3 leopard geckos
  9 orcs
  3 giant cockroaches
  4 goblins
  9 hobgoblins
  7 kobolds
  8 bats
  2 frilled lizards
  15 rats
69 creatures vanquished.

Vanquished Creatures (others)
  A plant (D:1)
1 creature vanquished.

Grand Total: 70 creatures vanquished

Notes
Turn   | Place    | Note
-------+----------+-------------------------------------------
     0 | D:1      | Borgoz the Ghoul Monk began the quest for the Orb.
     0 | D:1      | Reached XP level 1. HP: 19/19 MP: 0/0
    51 | D:1      | Reached XP level 2. HP: 26/26 MP: 1/1
   230 | D:1      | Reached skill level 1 in Armour
   460 | D:1      | Reached XP level 3. HP: 29/31 MP: 2/2
  1714 | D:2      | Reached XP level 4. HP: 33/38 MP: 3/3
  2426 | D:3      | Reached XP level 5. HP: 30/45 MP: 4/4
  3197 | D:3      | Reached XP level 6. HP: 8/51 MP: 5/5
  3203 | D:3      | HP: 2/51 [worker ant (1)]
  3206 | D:3      | Slain by a worker ant

Illustrated notes

Levels and vault maps discovered:
D:1:      erik_arrival_orb_chamber, layout_loops_ring, serial_bayou,
          serial_bayou_pond_a, serial_bayou_shore_b, serial_bayou_pond_d,
          serial_bayou_pond_d, serial_bayou_pond_d, minmay_rat_gold_closets
D:2:      layout_rooms
D:3:      layout_rooms
D:4:      layout_cave_pools, minitemple, minmay_shop_enchanted_jewellery

Skill      XL: |  1  2  3  4  5 |
---------------+----------------+-----
Long Blades    | 3 4 |  4.0
Dodging        | 3 4 |  4.0
Armour         | 1 2 |  2.7
Fighting       | |  3.2
Stealth        | |  2.1

Action                   |  1- 3 |  4- 6 || total
-------------------------+-------+-------++-------
Melee: Falchion          |   112 |   169 ||   281
  Use: Potion            |     3 |     3 ||     6
       Scroll            |       |     2 ||     2
 Stab: Sleeping          |     6 |       ||     6
Armor: Robe              |     4 |       ||     4
       Leather armour    |    27 |       ||    27
       Ring mail         |     1 |    74 ||    75
Dodge: Dodged            |   102 |    91 ||   193
Block: Kite shield       |     2 |    87 ||    89
       Rpst.: Falchion   |    28 |    29 ||    57
